Map: Lerilak Crest

Players

capac - Winner!

  • Race: Terran Terran
  • League: Gold

A.I. 1 (Elite)

  • Race: Zerg Zerg

VOD

Have the link to the VOD?

Description

Time

  • Played on: March 10, 2016, 2:12 p.m.
  • Length: 14:00
Show
View Real Time Build Order
Export as new Build Order

capac Terran - Winner!

Build Orders: MMM Bio 

Get SALT Encoding   

  12  0:01  SCV  
  13  0:13  SCV  
  14  0:18  Supply Depot  
  14  0:26  SCV  
  15  0:40  SCV  
  16  0:43  Barracks  
  16  0:45  Refinery  
  16  0:52  SCV  
  17  1:04  SCV  
  18  1:16  SCV  
  19  1:28  SCV  
  19  1:31  Barracks Reactor  
  20  1:36  Command Center  
  20  1:40  SCV  
  21  1:48  Supply Depot  
  22  1:55  Orbital Command  
  21  2:10  Marine x2  
  21  2:13  Barracks  
  23  2:24  Refinery  
  23  2:28  Factory  
  23  2:31  SCV  
  23  2:37  Marine x2  
  26  2:44  SCV  
  27  2:51  Orbital Command  
  27  2:55  Marine x2  
  27  2:57  SCV  
  30  3:02  Barracks Tech Lab  
  30  3:13  Factory Tech Lab  
  30  3:14  Starport  
  30  3:15  Marine  
  30  3:17  Marine  
  33  3:20  SCV  
  33  3:22  SCV  
  34  3:32  SCV  
  35  3:34  SCV  
  35  3:35  Supply Depot  
  35  3:41  Marine x3  
  36  3:44  SCV  
  36  3:48  Siege Tank  
  43  3:49  SCV  
  43  3:54  Medivac  
  46  3:57  SCV  
  46  4:01  Stimpack  
  46  4:02  Marine x2  
  48  4:04  Marine  
  48  4:08  SCV  
  51  4:12  Supply Depot  
  51  4:18  SCV  
  51  4:20  SCV  
  53  4:30  SCV  
  54  4:33  Siege Tank  
  54  4:35  Starport Reactor  
  54  4:37  Supply Depot  
  57  4:43  Barracks x2  
  57  4:47  SCV x2  
  57  4:48  Marine  
  57  4:49  Engineering Bay, Marine  
  57  4:50  Engineering Bay  
  62  4:55  Refinery  
  62  5:00  Supply Depot  
  62  5:06  Marine  
  63  5:07  Marine  
  63  5:08  Marine  
  63  5:10  Siege Tank  
  67  5:14  SCV x2  
  69  5:23  Supply Depot  
  69  5:25  Terran Infantry Weapons Level 1, Terran Infantry Armor Level 1  
  69  5:27  Marine x3  
  72  5:30  SCV x2  
  74  5:37  Barracks Reactor x2  
  74  5:42  SCV x2  
  76  5:44  Refinery  
  76  5:47  Marine  
  76  5:48  Supply Depot, Marine x2  
  79  6:00  SCV x2  
  81  6:05  Combat Shields  
  81  6:06  Marine x3  
  81  6:10  Medivac  
  86  6:13  Medivac  
  86  6:16  Supply Depot  
  86  6:18  SCV x2  
  90  6:22  Marine x3  
  90  6:23  Marine  
  94  6:38  Siege Tank  
  97  6:47  Medivac x2  
  97  6:49  SCV  
  97  6:50  Command Center  
  102  6:54  Supply Depot  
  102  6:58  SCV  
  103  7:03  Marine  
  103  7:04  Marine x4  
  103  7:05  Marine x2  
  110  7:17  Liberator x2  
  110  7:23  Marine x4  
  110  7:24  Marine  
  115  7:30  Supply Depot  
  115  7:34  Armory  
  115  7:35  Marine x2  
  123  7:41  Marine x2  
  125  7:49  Marine  
  126  7:52  Marine x2, Siege Tank  
  126  7:53  Supply Depot, Marine  
  126  7:57  Supply Depot  
  132  8:08  Orbital Command  
  132  8:14  SCV x2  
  132  8:15  Marine x6  
  132  8:16  Marine  
  141  8:26  SCV  
  142  8:27  Terran Infantry Weapons Level 2, Terran Infantry Armor Level 2, Supply Depot  
  142  8:29  Supply Depot  
  142  8:32  Marine  
  142  8:33  Marine x5  
  148  8:34  Marine  
  149  8:51  SCV  
  149  8:52  SCV x2  
  152  8:56  Medivac x2  
  152  8:57  Siege Tank  
  152  8:58  Marine x2  
  152  8:59  Marine x2  
  152  9:00  Marine  
  152  9:01  Marine x2  
  166  9:07  Barracks  
  166  9:08  Barracks  
  134  9:31  Marine x3  
  134  9:32  Marine x4  
  141  9:49  Marine x4  
  141  9:50  Liberator x2  
  145  10:05  Marine x3  
  148  10:07  Marine x4  
  148  10:13  Barracks Reactor  
  148  10:14  Barracks Reactor  
  158  10:30  Refinery  
  158  10:35  Refinery  
  132  11:50  Liberator x2  
  131  12:04  Marine  
  131  12:05  Marine x4  
  131  12:06  Marine  
  131  12:07  Siege Tank  
  146  12:09  Marine  
  146  12:10  Marine x2  
  147  12:44  Marine x5  
  147  12:45  Marine x5  
Show
View Real Time Build Order
Export as new Build Order

A.I. 1 (Elite) Zerg 

Build Orders: Hatch First 

Get SALT Encoding   

  12  0:00  Drone  
  13  0:12  Overlord  
  13  0:17  Drone  
  14  0:30  Drone x2  
  14  0:34  Drone  
  17  0:55  Hatchery  
  17  0:56  Drone  
  17  1:12  Spawning Pool  
  17  1:13  Drone  
  17  1:17  Extractor  
  16  1:19  Drone  
  16  1:22  Drone  
  18  1:27  Drone  
  19  1:38  Overlord  
  19  1:49  Drone  
  20  1:58  Queen  
  20  1:59  Zergling x2  
  23  2:07  Drone  
  24  2:13  Queen  
  26  2:19  Drone  
  27  2:33  Roach Warren  
  27  2:34  Extractor  
  27  2:36  Drone  
  26  2:38  Drone  
  27  2:46  Overlord  
  27  2:49  Drone  
  28  2:53  Drone  
  28  2:56  Drone  
  30  2:59  Drone  
  30  3:04  Drone  
  32  3:06  Zergling x2  
  32  3:10  Zergling x2  
  34  3:15  Roach  
  34  3:19  Roach  
  38  3:22  Roach  
  38  3:26  Roach  
  42  3:29  Drone  
  42  3:32  Drone  
  44  3:37  Overlord  
  44  3:44  Lair  
  44  3:48  Metabolic Boost  
  44  3:55  Zergling x2  
  44  3:56  Overlord  
  44  3:58  Drone  
  44  4:01  Drone  
  47  4:02  Drone  
  47  4:05  Zergling x2  
  47  4:07  Zergling x2  
  49  4:10  Zergling x2  
  50  4:17  Evolution Chamber, Drone  
  50  4:21  Evolution Chamber  
  50  4:22  Drone  
  50  4:23  Drone  
  51  4:26  Drone  
  51  4:28  Drone  
  51  4:30  Drone  
  54  4:43  Zerg Missile Weapons Level 1  
  54  4:44  Drone, Hydralisk Den  
  54  4:48  Zerg Ground Armor Level 1  
  54  4:51  Overlord  
  54  4:54  Roach  
  54  4:57  Roach  
  58  5:10  Overlord, Extractor, Drone x2  
  58  5:11  Drone  
  58  5:12  Hydralisk, Drone  
  63  5:16  Hydralisk  
  63  5:17  Drone  
  63  5:20  Drone  
  67  5:28  Overlord, Drone x3  
  69  5:31  Drone  
  69  5:32  Drone  
  69  5:33  Drone  
  73  5:36  Drone  
  73  5:37  Drone  
  75  5:46  Drone  
  75  5:48  Infestation Pit  
  75  5:49  Overlord  
  75  5:51  Drone  
  75  5:53  Roach  
  75  5:55  Roach  
  80  6:07  Overlord, Roach  
  80  6:09  Roach  
  80  6:10  Evolution Chamber, Drone  
  84  6:13  Ravager  
  84  6:16  Roach  
  87  6:19  Hatchery  
  87  6:25  Ravager, Overlord, Infestor  
  89  6:28  Roach  
  91  6:36  Extractor  
  91  6:38  Zerg Melee Weapons Level 1  
  90  6:46  Infestor  
  92  6:52  Hydralisk  
  94  6:58  Hydralisk  
  94  6:59  Overlord, Drone x2  
  94  7:00  Drone  
  99  7:14  Spine Crawler  
  99  7:15  Drone  
  99  7:17  Infestor, Overseer  
  99  7:19  Spine Crawler  
  99  7:20  Drone  
  101  7:32  Infestor, Drone x3  
  101  7:33  Overlord, Drone x3  
  101  7:34  Roach, Drone x3  
  114  7:40  Drone x2  
  114  7:41  Drone  
  114  7:42  Extractor  
  116  7:49  Extractor  
  116  7:50  Zerg Missile Weapons Level 2  
  116  7:51  Overlord, Roach, Drone x2  
  119  7:52  Drone x2  
  121  8:02  Drone  
  121  8:03  Baneling Nest, Roach, Drone  
  124  8:06  Drone x3  
  127  8:13  Overlord  
  127  8:14  Drone x2  
  127  8:18  Zerg Ground Armor Level 2  
  129  8:21  Hatchery  
  129  8:22  Drone  
  129  8:23  Drone x2  
  129  8:24  Drone x2  
  133  8:30  Pathogen Glands  
  133  8:32  Overlord  
  133  8:45  Spore Crawler  
  133  8:46  Drone  
  133  8:48  Baneling, Spore Crawler  
  132  8:50  Queen  
  134  9:02  Spine Crawler  
  133  9:03  Drone  
  133  9:04  Zergling x4, Hydralisk  
  133  9:05  Zergling x2  
  133  9:06  Roach  
  133  9:08  Hydralisk  
  133  9:09  Roach  
  135  9:12  Roach  
  135  9:16  Hydralisk  
  131  9:17  Hydralisk  
  131  9:19  Zergling x2  
  131  9:20  Zergling x8  
  116  9:24  Roach  
  116  9:26  Roach, Infestor  
  116  9:27  Roach x2  
  116  9:28  Baneling x2, Infestor  
  114  9:32  Overseer  
  114  9:33  Zergling x2  
  114  9:37  Zergling x2, Drone  
  119  9:38  Baneling, Roach  
  119  9:41  Zergling x2  
  119  9:42  Zergling x2, Extractor, Roach  
  119  9:44  Drone  
  119  9:45  Baneling x5  
  123  9:46  Ravager, Baneling x3  
  123  9:47  Extractor, Roach x2  
  123  9:48  Baneling  
  123  9:49  Ravager, Baneling  
  123  9:50  Drone  
  123  9:52  Baneling  
  129  9:54  Baneling, Roach  
  129  9:55  Baneling  
  129  9:57  Zergling x2, Baneling  
  129  9:58  Zergling x4, Baneling, Overlord  
  129  9:59  Zergling x2, Baneling  
  135  10:00  Zergling x2  
  135  10:05  Zergling x2  
  137  10:08  Centrifical Hooks  
  137  10:09  Zergling x4  
  139  10:16  Infestor  
  139  10:17  Overlord  
  141  10:24  Infestor  
  141  10:26  Roach  
  141  10:27  Spine Crawler, Roach, Drone  
  147  10:28  Roach  
  147  10:33  Spine Crawler  
  147  10:34  Drone  
  147  10:35  Overlord  
  149  10:41  Baneling  
  149  10:42  Zergling x2  
  147  10:43  Zergling x2, Baneling x2  
  147  10:45  Zergling x2  
  147  10:47  Zergling x4  
  147  10:48  Zergling x2, Hydralisk  
  127  10:50  Zergling x2  
  127  10:52  Zergling x4, Roach x2  
  127  10:53  Zergling x2, Roach  
  127  10:56  Roach  
  123  10:58  Roach  
  123  11:01  Hydralisk  
  123  11:03  Roach  
  116  11:04  Queen  
  116  11:05  Roach  
  116  11:06  Zergling x2, Baneling  
  116  11:07  Zergling x4, Baneling x4  
  116  11:08  Zergling x4, Baneling x3  
  116  11:09  Ravager  
  116  11:10  Zergling x2  
  116  11:11  Zergling x2, Roach  
  127  11:12  Zergling x2, Baneling  
  127  11:13  Baneling  
  127  11:14  Baneling  
  127  11:16  Roach  
  127  11:17  Zergling x2  
  129  11:18  Baneling  
  129  11:21  Zergling x2  
  129  11:23  Overseer  
  83  11:32  Roach  
  83  11:34  Roach  
  83  11:37  Roach  
  83  11:39  Roach  
  77  11:41  Hydralisk  
  77  11:43  Zergling x2, Baneling  
  77  11:46  Roach  
  76  11:47  Zergling x2  
  76  11:49  Hydralisk  
  76  11:52  Drone  
  76  11:53  Drone  
  78  11:54  Drone  
  78  11:57  Infestor, Drone, Roach  
  75  12:04  Zergling x2, Roach, Drone  
  75  12:05  Roach x2, Drone  
  78  12:16  Hatchery  
  57  12:38  Spawning Pool  
  32  13:18  Spawning Pool  
  22  13:32  Drone  
  23  13:39  Hatchery  
Tags
 
Composition
MMM Bio
League
Gold
Matchup
TvZ
Add a new tag
Caveats
  • Supply blocks, unpowered buildings, or Contaminate may cause inaccurate times.
  • Supply counts are checked every 10 seconds.